 Dungeon Crawl Stone Soup version 0.26-a0-27-g1f0226971c (webtiles) character file.

Game seed: 13196674070394556220, levelgen mode: deterministic

4896 Dirian the Cleaver (level 10, -8/84 HPs)
             Began as a Minotaur Fighter on May 27, 2020.
             Was an Initiate of Uskayaw.
             Mangled by an orc warrior
             ... wielding a +0 glaive
              (10 damage)
             ... in a bailey.
             The game lasted 00:16:07 (8257 turns).

Dirian the Cleaver (Minotaur Fighter)               Turns: 8257, Time: 00:16:07

Health: -8/84      AC: 14    Str: 23    XL:     10   Next: 26%
Magic:  11/13      EV:  6    Int:  5    God:    Uskayaw [......]
Gold:   203        SH: 12    Dex: 11    Spells: 9/9 levels left

rFire    . . .     SeeInvis .   o - +1 war axe (vamp)
rCold    . . .     Gourm    .   c - +1 kite shield
rNeg     . . .     Faith    .   e - +0 chain mail
rPois    +         Spirit   .   (helmet restricted)
rElec    .         Reflect  .   (no cloak)
rCorr    .         Harm     .   (no gloves)
MR       .....                  (no boots)
Stlth    ..........             (no amulet)
HPRegen  0.24/turn              i - ring of poison resistance
MPRegen  0.13/turn              p - +4 ring of protection

@: no status effects
A: retaliatory headbutt, horns 2
a: Renounce Religion


You were in a bailey.
You worshipped Uskayaw.
Uskayaw was noncommittal.
You were not hungry.

You visited 1 branch of the dungeon, and saw 9 of its levels.
You also visited: Sewer and Bailey.

You collected 419 gold pieces.
You spent 216 gold pieces at shops.

Inventory:

Hand Weapons
 a - a +0 war axe
 o - a +1 vampiric war axe (weapon)
 y - a +3 scimitar of flaming
Armour
 c - a +1 kite shield (worn)
 e - a +0 chain mail (worn)
Jewellery
 i - a ring of poison resistance (left hand)
 p - a +4 ring of protection (right hand)
Wands
 k - a wand of acid (12)
 m - a wand of digging (5)
 n - a wand of clouds (7)
Scrolls
 g - 5 scrolls of remove curse
 h - a scroll of amnesia
 l - 8 scrolls of teleportation
 q - 5 scrolls of fog
 s - 3 scrolls of fear {unknown}
 t - 5 scrolls of identify
 v - a scroll of immolation {unknown}
 w - 3 scrolls of enchant armour
 x - a scroll of torment {unknown}
Potions
 d - 2 potions of might
 j - a potion of haste
 r - 3 potions of magic
Comestibles
 f - 8 rations
 z - a chunk of flesh


   Skills:
 + Level 6.6 Fighting
 * Level 12.9 Axes
 + Level 7.3 Armour
 + Level 7.3 Shields
 * Level 5.4 Invocations


You had 9 spell levels left.
You didn't know any spells.
Your spell library contained the following spells:

 Spells                   Type           Power        Failure   Level  Hunger
 Magic Dart               Conj           #...         100%        1    ##.....
 Searing Ray              Conj           #.....       100%        2    ###....
 Dazzling Flash           Conj/Hex       #.....       100%        3    ####...
 Fulminant Prism          Conj/Hex       #.........   100%        4    #####..
 Iskenderun's Mystic Bla  Conj/Tloc      #.......     100%        4    #####..


Dungeon Overview and Level Annotations

Branches:
Dungeon (10/15)            Temple (0/1) D:4           Sewer (visited)
 Bailey (1/1)
   Lair: D:8-11         Orc: D:9-12

Altars:
Ashenzari
Ru
Trog
Uskayaw
Xom
Yredelemnul
Zin

Shops:
D:6 *   D:9 :[


Innate Abilities, Weirdness & Mutations

You reflexively headbutt those who attack you in melee.
You have a pair of horns on your head.


Message History

The orc warrior is almost dead.
You block the orc warrior's attack.
You barely miss the orc warrior. You headbutt the orc warrior.
You kill the orc warrior!
You block the orc warrior's attack.
The orc hits you from afar with a +0 halberd.
* * * LOW HITPOINT WARNING * * *
You block the orc warrior's attack.
Things that are here:
a +0 halberd; a +0 chain mail; an orc corpse You hit the orc warrior but do no damage.
The orc hits you but does no damage.
You hit the orc warrior but do no damage.
The orc warrior hits you with a +0 glaive!!
* * * LOW HITPOINT WARNING * * *
The orc hits you but does no damage.
You slash the orc warrior!
The orc warrior is moderately wounded.
The orc warrior hits you with a +0 glaive!
You die...

############ ≈≈≈≈≈≈≈≈≈≈≈##
.......o....##
......oo.....#
##########'####
#####.....@oo....≈#
##....≈≈≈≈≈≈≈≈≈...≈#
#.⌠.≈≈≈.......≈≈..≈##
#..≈≈..≈≈≈≈≈≈≈....≈≈##
#.≈≈.≈≈≈.....≈≈≈...≈≈##
##.≈.≈≈..≈≈≈≈≈..≈≈..⌠≈≈#
#.≈≈.≈.≈≈≈...≈≈≈.≈≈..≈≈#
#.≈.≈≈)≈..⌠.(..≈≈.≈...≈#
+..#.≈))).≈..∩∩∩.....≈...≈#


You could see an orc warrior and an orc.

Vanquished Creatures
  Erica (D:9)
  The ghost of tilp the Bolt Thrower, a novice KoAM (D:5)
  5 yaks (D:9)
  2 sky beasts
  4 orc warriors
  2 phantoms
  An ice beast (D:9)
  4 ogres
  An eye of draining (D:9)
  A black bear (D:6)
  A necrophage (D:7)
  3 centaurs
  2 big kobolds
  3 bullfrogs
  3 scorpions
  A bullfrog zombie (D:6)
  2 crimson imps
  A quasit (D:5)
  A jelly (D:7)
  4 orc wizards
  3 orc priests
  A centaur skeleton (D:3)
  A gnoll shaman (D:4)
  4 bullfrog skeletons
  An iguana (D:5)
  3 worker ants
  A hound zombie (D:9)
  5 hound skeletons
  8 gnolls
  15 adders
  2 river rats (Sewer)
  2 shadow imps
  4 oozes
  An adder skeleton (D:4)
  An adder zombie (D:7)
  3 worms
  8 leopard geckos
  23 orcs
  5 giant cockroaches
  6 goblins
  9 hobgoblins
  6 jackals
  20 kobolds
  4 quokkas
  5 ball pythons
  A ball python zombie (D:4)
  6 bats
  2 frilled lizards (D:3)
  A jackal zombie (D:4)
  8 rats
  A spectral orc (D:6)
203 creatures vanquished.

Vanquished Creatures (others)
  An orc (Bailey)
1 creature vanquished.

Grand Total: 204 creatures vanquished

Notes
Turn   | Place    | Note
-------+----------+-------------------------------------------
     0 | D:1      | Dirian the Minotaur Fighter began the quest for the Orb.
     0 | D:1      | Reached XP level 1. HP: 19/19 MP: 0/0
   238 | D:1      | Reached XP level 2. HP: 27/27 MP: 1/1
   826 | D:2      | Reached skill level 3 in Axes
   854 | D:2      | Reached XP level 3. HP: 33/33 MP: 2/2
   872 | D:2      | Found a faded altar of an unknown god.
   887 | D:2      | Became a worshipper of Uskayaw the Reveler
   887 | D:2      | Reached * piety under Uskayaw
  1358 | D:2      | Reached ** piety under Uskayaw
  1797 | D:3      | Reached XP level 4. HP: 40/40 MP: 3/3
  1806 | D:3      | Reached *** piety under Uskayaw
  1903 | D:3      | Found a glowing silver altar of Zin.
  1968 | D:3      | Reached skill level 4 in Axes
  1968 | D:3      | Reached skill level 1 in Invocations
  2296 | D:3      | Found a glowing drain.
  2311 | Sewer    | Entered a sewer
  2322 | Sewer    | Reached XP level 5. HP: 43/46 MP: 4/4
  2582 | Sewer    | Reached skill level 5 in Axes
  2859 | Sewer    | Reached XP level 6. HP: 52/52 MP: 6/6
  3095 | D:3      | Reached **** piety under Uskayaw
  3260 | D:3      | Found a shimmering altar of Xom.
  3710 | D:4      | Reached skill level 6 in Axes
  3710 | D:4      | Reached skill level 5 in Armour
  3853 | D:4      | Reached XP level 7. HP: 60/60 MP: 7/7
  3967 | D:4      | Reached skill level 7 in Axes
  3976 | D:4      | Reached skill level 5 in Shields
  4369 | D:4      | Found a staircase to the Ecumenical Temple.
  4559 | D:4      | Found a shattered altar of Ashenzari.
  4764 | D:5      | Entered Level 5 of the Dungeon
  4935 | D:5      | Reached skill level 8 in Axes
  5061 | D:5      | Reached XP level 8. HP: 61/67 MP: 9/9
  5225 | D:5      | Found a sacrificial altar of Ru.
  5561 | D:5      | Found a runed translucent gate.
  5561 | D:5      | Found a runed translucent gate.
  5562 | D:5      | Found a runed translucent gate.
  5565 | D:5      | Noticed tilp's ghost (novice KoAM)
  5589 | D:5      | Killed tilp's ghost
  5589 | D:5      | Reached skill level 5 in Fighting
  5589 | D:5      | Reached skill level 9 in Axes
  5844 | D:6      | Found Mozegh Oceo's Assorted Antiques.
  5864 | D:6      | Bought 3 scrolls labeled FASAIZX KOLIT for 72 gold pieces
  5864 | D:6      | Bought 3 scrolls of identify for 144 gold pieces
  6015 | D:6      | Found a basalt altar of Yredelemnul.
  6245 | D:6      | Reached skill level 10 in Axes
  6365 | D:6      | Reached XP level 9. HP: 74/74 MP: 9/11
  6852 | D:7      | Reached skill level 11 in Axes
  7111 | D:7      | You fall into a shaft and drop 3 floors!
  7111 | D:10     | Entered Level 10 of the Dungeon
  7314 | D:9      | Found a bloodstained altar of Trog.
  7318 | D:9      | Noticed Erica
  7330 | D:9      | Reached ***** piety under Uskayaw
  7335 | D:9      | Reached ****** piety under Uskayaw
  7341 | D:9      | Killed Erica
  7341 | D:9      | Reached skill level 12 in Axes
  7341 | D:9      | Reached skill level 5 in Invocations
  7341 | D:9      | Reached XP level 10. HP: 19/84 MP: 12/12
  7674 | D:9      | Found Reuveumu's Antique Armour Boutique.
  7810 | D:9      | Found Belladeh's Book Shoppe.
  7829 | D:9      | Found a flagged portal.
  7834 | Bailey   | Entered a bailey
  8256 | Bailey   | HP: 2/84 [orc warrior/+0 glaive (18)]
  8257 | Bailey   | Mangled by an orc warrior

Illustrated notes

Levels and vault maps discovered:
D:1:      evilmike_arrival_plus, layout_basic
D:2:      layout_basic, serial_glass, glass_columns_b, glass_columns_a,
          glass_columns_a, glass_columns_a, glass_columns_a, glass_columns_a,
          chequers_ecumenical_altar_simple
D:3:      layout_loops_ring, xom_teletrap_fun, zin_treasury, first_ration,
          gup_sewer_entry_pipe
D:4:      layout_loops_corners, minmay_temple_entry_waves, serial_undead,
          serial_undead_d, serial_undead_e, serial_undead_f, serial_undead_c,
          chequers_mini_garden, ashenzari_altar_1
D:5:      layout_loops_ring, gammafunk_ghost_necromancy,
          nicolae_ru_sacrificial_ziggurat
D:6:      layout_gridville, yredelemnul_forgotten_temple_becter, serial_shops,
          shop
D:7:      layout_basic, kennysheep_vampire_church, uniq_duvessa
D:9:      layout_grid_maze, serial_shops, shop, nicolae_shop_waterfront, shop,
          shop, enter_bailey_2, trog_three_pillars_becter, uniq_erica
D:10:     layout_roguey [special_room_orc],
          kennysheep_orc_monster_closet_entryway, uniq_nergalle, uniq_joseph
Bailey:   bailey_polearm_flooded_kennysheep, bailey

Skill      XL: |  1  2  3  4  5  6  7  8  9 |
---------------+----------------------------+-----
Armour         | 4 5 6 7 |  7.3
Axes           | 3 4 5 6 8 10 12 | 12.9
Shields        | 4 5 6 7 |  7.3
Fighting       | 4 5 6 |  6.6
Invocations    | 1 2 4 5 |  5.4

Action                   |  1- 3 |  4- 6 |  7- 9 | 10-12 || total
-------------------------+-------+-------+-------+-------++-------
Melee: War axe           |    87 |   169 |   289 |    99 ||   644
       Headbutt          |     9 |    24 |    53 |    23 ||   109
Invok: Stomp             |       |       |       |     1 ||     1
  Use: Scroll            |       |     8 |     2 |     1 ||    11
       Potion            |       |     6 |     2 |     1 ||     9
 Stab: Paralysed         |       |     2 |    16 |     5 ||    23
  Eat: Chunk             |     1 |     5 |    11 |     1 ||    18
       Ration            |     1 |       |       |     1 ||     2
Armor: Scale mail        |    34 |    57 |   143 |    32 ||   266
       Chain mail        |       |       |       |     5 ||     5
Dodge: Dodged            |    22 |    38 |    84 |    33 ||   177
Block: Kite shield       |    53 |    58 |   148 |    95 ||   354

Table legend:
 A = Non-vault XP
 B = Vault XP
 C = Vault XP percentage of total XP
 D = Non-vault monster count
 E = Vault monster count
 F = Vault count percentage of total count
                 A         B        C        D         E       F
            +---------+---------+-------+---------+---------+-------
      Total |    4721 |    2274 |  32.5 |     147 |      56 |  27.6
            +---------+---------+-------+---------+---------+-------
        D:1 |      23 |       0 |   0.0 |      12 |       0 |   0.0
        D:2 |      62 |       0 |   0.0 |      14 |       0 |   0.0
        D:3 |     184 |      14 |   7.1 |      34 |       6 |  15.0
        D:4 |     613 |      43 |   6.6 |      13 |       5 |  27.8
        D:5 |     445 |     413 |  48.1 |      17 |       3 |  15.0
        D:6 |    1039 |       1 |   0.1 |      20 |       1 |   4.8
        D:7 |     706 |       0 |   0.0 |      15 |       0 |   0.0
        D:9 |    1649 |     923 |  35.9 |      22 |       1 |   4.3
      Sewer |       0 |     218 | 100.0 |       0 |      24 | 100.0
     Bailey |       0 |     662 | 100.0 |       0 |      16 | 100.0
            +---------+---------+-------+---------+---------+-------
